AoeStats
← benoitmartin.v

Black Forest

504750676Analyzed
2v2 RM · 24d ago on Sep 6, 2026· 90m 38s· 4 players
Game mode
Random Map
Map size
Medium (4 player)
Population
200
Speed
Normal
Resources
Standard
Victory
Conquest
Starting age
Dark Age
Ending age
Imperial Age
RankedLock teamsTeams togetherTeam positionsShared explorationLock speedFull tech treeHidden civsTurbo modeCheats
Victory
Defeat
🇫🇷 Britons · France
548
+17
🇫🇷 Celts · France
512
+18
🇨🇿 Bohemians · Czechia
567
-18
🇨🇿 Romans · Czechia
566
-17
Sebgir
15:40 Feudal Age
16:10 Double-Bit Axe
16:27 Horse Collar
18:42 Stone Mining
18:46 Gold Mining
20:42 Wheelbarrow
25:42 Castle Age
26:38 Bow Saw
26:36 Heavy Plow
29:00 Hand Cart
29:32 Gold Shaft Mining
30:21 Ballistics
36:23 Imperial Age
36:18 Husbandry
36:21 Squires
35:41 Pikeman
38:14 Two-Man Saw
37:18 Town Watch
38:16 Forging
37:57 Fletching
39:31 Conscription
39:32 Yeomen
40:54 Cavalier
42:48 Iron Casting
42:20 Scale Barding Armor
42:15 Padded Archer Armor
42:17 Scale Mail Armor
43:10 Town Patrol
44:01 Caravan
44:53 Warwolf
45:12 Treadmill Crane
45:38 Siege Engineers
46:24 Fortified Wall
46:11 Murder Holes
47:33 Halberdier
48:43 Chain Barding Armor
49:10 Bodkin Arrow
49:31 Leather Archer Armor
49:34 Chain Mail Armor
51:37 Bracer
52:15 Plate Barding Armor
52:45 Chemistry
51:56 Masonry
58:07 Elite Longbowman
63:06 Architecture
63:46 Blast Furnace
63:31 Hoardings
69:22 Plate Mail Armor
69:23 Ring Archer Armor
88:39 Onager
benoitmartin.v
15:39 Feudal Age
16:07 Double-Bit Axe
16:05 Horse Collar
20:48 Castle Age
24:50 Wheelbarrow
24:00 Town Watch
24:01 Loom
24:58 Bow Saw
26:32 Hand Cart
28:55 Town Patrol
36:44 Caravan
37:14 Coinage
36:56 Scale Barding Armor
36:52 Scale Mail Armor
36:52 Padded Archer Armor
36:42 Fletching
37:03 Forging
39:31 Imperial Age
36:55 Heated Shot
37:18 Fortified Wall
37:04 Murder Holes
37:19 Clinker Construction
36:55 Crossbowman
36:56 Elite Skirmisher
38:49 Chain Mail Armor
38:54 Chain Barding Armor
38:44 Heavy Plow
39:06 Light Cavalry
39:47 Husbandry
40:17 Bodkin Arrow
40:38 Leather Archer Armor
39:52 Pikeman
40:18 Arson
41:26 Conscription
41:42 Hoardings
44:04 Chemistry
43:19 Onager
44:34 Siege Onager
44:47 Elite Woad Raider
45:53 Arrowslits
46:19 Masonry
45:50 Treadmill Crane
46:31 Ballistics
46:05 Guard Tower
48:26 Plate Mail Armor
48:27 Ring Archer Armor
49:27 Iron Casting
48:45 Cavalier
50:52 Paladin
71:31 Banking
72:20 Hussar
Dvor9269
0:34 Loom
13:53 Feudal Age
14:18 Horse Collar
14:27 Double-Bit Axe
18:13 Gold Mining
19:42 Stone Mining
25:29 Castle Age
27:18 Bow Saw
34:31 Imperial Age
32:27 Caravan
32:58 Coinage
33:48 Wheelbarrow
34:16 Gold Shaft Mining
35:45 Hand Cart
37:49 Banking
37:30 Guilds
40:13 Heavy Scorpion
41:06 Ballistas
43:32 Man-at-Arms
44:13 Squires
44:26 Forging
44:17 Scale Mail Armor
44:23 Scale Barding Armor
44:56 Long Swordsman
45:53 Legionary
46:20 Elite Centurion
49:27 Ballistics
50:08 Chemistry
49:56 Iron Casting
49:36 Chain Mail Armor
49:42 Chain Barding Armor
nLife GScott
0:32 Loom
13:18 Feudal Age
14:54 Double-Bit Axe
16:12 Horse Collar
25:15 Castle Age
26:14 Caravan
28:34 Bow Saw
31:12 Wheelbarrow
37:55 Imperial Age
37:19 Chemistry
36:41 Ballistics
38:32 Hand Cart
39:02 Conscription
38:03 Elite Hussite Wagon
39:18 Fletching
39:28 Padded Archer Armor
42:24 Houfnice
45:00 Onager
50:34 Two-Man Saw
60:43 Bodkin Arrow
61:03 Leather Archer Armor
86:40 Bracer
Connection lost

Rejoining the realm…

Still unreachable

The connection could not be restored.

Session expired

The server has moved on; the page needs a fresh start.